 Dungeon Crawl Stone Soup version 0.24.1-4-ge52af88ad5 (webtiles) character file.

Game seed: 2897382999220340124, levelgen mode: deterministic

91 gruber the Slasher (level 4, -11/34 HPs)
             Began as a Barachi Skald on Apr 15, 2020.
             Mangled by an ogre
             ... wielding a +0 giant club
              (12 damage)
             ... on level 3 of the Dungeon.
             The game lasted 00:02:23 (2078 turns).

gruber the Slasher (Barachi Skald)                  Turns: 2078, Time: 00:02:24

Health: -11/34     AC:  5    Str: 14    XL:     4   Next: 57%
Magic:  7/7        EV: 12    Int: 13    God:
Gold:   100        SH:  4    Dex: 11    Spells: 6/7 levels left

rFire    . . .     SeeInvis .   a - +0 falchion
rCold    . . .     Gourm    .   (no shield)
rNeg     . . .     Faith    .   b - +0 leather armour
rPois    .         Spirit   .   (no helmet)
rElec    .         Reflect  +   n - +1 cloak
rCorr    .         Harm     .   (no gloves)
MR       .....     Rnd*Tele +   (no boots)
Stlth    +.........             c - +4 amulet of reflection
HPRegen  0.11/turn              l - ring of teleportation (curse)
MPRegen  0.10/turn              (no ring)

@: slow
A: +LOS, swims, slowness 1, strong legs 1
a: Hop


You were on level 3 of the Dungeon.
You were hungry.

You visited 1 branch of the dungeon, and saw 3 of its levels.

You collected 100 gold pieces.

Inventory:

Hand Weapons
 a - a +0 falchion (weapon)
Armour
 b - a +0 leather armour (worn)
 n - a +1 cloak (worn)
Jewellery
 c - a +4 amulet of reflection (around neck)
 l - a cursed ring of teleportation (left hand)
Scrolls
 e - a scroll of identify {unknown}
 g - 2 scrolls of amnesia {unknown}
 j - 2 scrolls of blinking {unknown}
 k - 3 scrolls of remove curse {unknown}
 m - a scroll of enchant armour {unknown}
Potions
 f - a potion of ambrosia {unknown}
 h - 2 potions of curing {unknown}
 i - a potion of haste {unknown}
Comestibles
 d - 7 rations


   Skills:
 - Level 2.4 Fighting
 + Level 5.6 Long Blades
 - Level 1.2 Armour
 - Level 2.1 Dodging
 - Level 2.1 Spellcasting
 - Level 3.2 Charms


You had 6 spell levels left.
You knew the following spells:

 Your Spells              Type           Power        Failure   Level  Hunger
a - Infusion              Chrm           #...         8%          1    ##.....

Your spell library contained the following spells:

 Spells                   Type           Power        Failure   Level  Hunger
 Song of Slaying          Chrm           #.......     12%         2    ###....
 Shroud of Golubria       Chrm/Tloc      #.....       24%         2    ###....
 Regeneration             Chrm/Necr      #.........   43%         3    ####...
 Spectral Weapon          Hex/Chrm       #.......     43%         3    ####...


Dungeon Overview and Level Annotations

Branches:
Dungeon (3/15)

Altars:
Ashenzari


Innate Abilities, Weirdness & Mutations

Shadows flee at your approach. (+LOS)
You can swim through water.
You cover ground slowly.
You can hop short distances.


Message History

The ogre hits you with a +0 giant club!!
Ouch! That really hurt!
* * * LOW HITPOINT WARNING * * *
You hit the ogre.
The ogre is moderately wounded.
You hit the ogre.
The ogre is heavily wounded.
The ogre hits you with a +0 giant club!
* * * LOW HITPOINT WARNING * * *
You hit the ogre.
The ogre is heavily wounded.
The ogre barely misses you.
You hit the ogre.
The ogre is heavily wounded.
The ogre closely misses you.
You riposte.
You closely miss the ogre.
The ogre is heavily wounded.
You hit the ogre.
The ogre is severely wounded.
The ogre hits you with a +0 giant club!
You die...

... #.# #.# #.#
###########.# ♣
#........##.# ♣P♣♣.
#........##.# ..P.P.
#........##.##....$..
#.......†...@O[......
##...................
#...................
#...............$...
#...................
#............###....
#............# ....
#............# ...
#............# ..


You could see an ogre.

Vanquished Creatures
  A gnoll (D:1)
  An adder (D:2)
  An ooze (D:1)
  A worm (D:3)
  3 dart slugs
  A leopard gecko (D:2)
  8 bats
  8 goblins
  7 hobgoblins
  3 jackals (D:2)
  9 kobolds
  2 quokkas (D:2)
  A ball python (D:2)
  2 frilled lizards (D:2)
  10 rats
58 creatures vanquished.

Notes
Turn   | Place    | Note
-------+----------+-------------------------------------------
     0 | D:1      | gruber the Barachi Skald began the quest for the Orb.
     0 | D:1      | Reached XP level 1. HP: 17/17 MP: 3/3
    90 | D:1      | Reached skill level 3 in Long Blades
   127 | D:1      | Reached XP level 2. HP: 20/23 MP: 1/5
   336 | D:1      | Reached skill level 4 in Long Blades
   349 | D:1      | Reached XP level 3. HP: 10/28 MP: 6/6
   594 | D:1      | You fall into a shaft and drop 1 floor!
  1150 | D:1      | Reached skill level 5 in Long Blades
  1150 | D:1      | Reached XP level 4. HP: 14/34 MP: 7/7
  1684 | D:2      | Found a shattered altar of Ashenzari.
  1716 | D:2      | Found a shattered altar of Ashenzari.
  2069 | D:3      | Noticed an ogre
  2075 | D:3      | HP: 1/34 [ogre/+0 giant club (7)]
  2078 | D:3      | Mangled by an ogre

Levels and vault maps discovered:
D:1:      dpeg_arrival_houses_and_road, layout_rooms, chequers_decorated_corner,
          minmay_crystal_water
D:2:      layout_loops_corners, old_standard_altar, ashenzari_altar_1
D:3:      layout_basic, nicolae_overflow_crystal_walls, serial_forest,
          infiniplex_forest_clump_medium, infiniplex_forest_lined_room_2,
          infiniplex_forest_straight_2, infiniplex_forest_fountain,
          infiniplex_forest_end_2, infiniplex_forest_end_1, uniq_sigmund

Skill      XL: |  1  2  3 |
---------------+----------+-----
Long Blades    | 3 4 5 |  5.6
Fighting       | |  2.4
Armour         | |  1.2
Dodging        | |  2.1
Spellcasting   | |  2.1
Charms         | |  3.2

Action                   |  1- 3 |  4- 6 || total
-------------------------+-------+-------++-------
Melee: Falchion          |   108 |    65 ||   173
 Cast: Infusion          |     1 |       ||     1
 Stab: Sleeping          |     1 |       ||     1
  Eat: Chunk             |     1 |     3 ||     4
Armor: Leather armour    |    40 |    15 ||    55
Dodge: Dodged            |    79 |    26 ||   105
Block: Other             |    14 |     7 ||    21
       Reflection        |     1 |     1 ||     2
       Rpst.: Falchion   |    30 |    10 ||    40
